PBL
BOSTON RED SOX @ ATLANTA BRAVES
09/18/2070
 
TOP OF THE 1ST
Boston Red Sox batting - Pitching for Atlanta Braves : RHP Ramón Cantú
Pitching: RHP Ramón Cantú
Batting: SHB Tracy Bryant 0-0: Ball
1-0: Swinging Strike
1-1: Foul Ball, location: 7LMF
1-2: Ball
2-2: Ball
3-2: Foul Ball, location: 23F
3-2: Foul Ball, location: 9LDF
3-2: Foul Ball, location: 5SF
3-2: Base on Balls
Batting: RHB Dwight Vogel 0-0: Called Strike
0-1: Ball
1-1: Foul Ball, location: 5FF
1-2: Ball
2-2: Ball
3-2: Grounds into double play, 5-4-3 (Groundball, 56S, EV 81.9 MPH)
Batting: RHB José García 0-0: Called Strike
0-1: Called Strike
0-2: Foul Ball, location: 2F
0-2: Ball
1-2: Fly out, F9 (Flyball, 89M, EV 89.4 MPH)
Top of the 1st over - 0 runs, 0 hits, 0 errors, 0 left on base; Boston 0 - Atlanta 0
BOTTOM OF THE 1ST
Atlanta Braves batting - Pitching for Boston Red Sox : LHP Bill Bowen
Pitching: LHP Bill Bowen
Batting: RHB David Miller 0-0: Called Strike
0-1: Ball
1-1: Called Strike
1-2: Ball
2-2: Strikes out swinging
Batting: LHB Wayne Bennett Jr. 0-0: Swinging Strike
0-1: Ball
1-1: Ground out U3 (Groundball, 34, EV 107.5 MPH)
Batting: LHB Paul Graham 0-0: Ball
1-0: Ball
2-0: Ground out 5-3 (Groundball, 56, EV 80.0 MPH)
Bottom of the 1st over - 0 runs, 0 hits, 0 errors, 0 left on base; Boston 0 - Atlanta 0
TOP OF THE 2ND
Boston Red Sox batting - Pitching for Atlanta Braves : RHP Ramón Cantú
Batting: RHB Michael Barnes 0-0: Fly out, F8 (Flyball, 89S, EV 87.5 MPH)
Batting: SHB José Cruz 0-0: Called Strike
0-1: SOLO HOME RUN (Flyball, 7LD, EV 95.0 MPH), Distance : 354 ft
Batting: RHB Juan Mendoza 0-0: Ball
1-0: Foul Ball, location: 2F
1-1: Fly out, F9 (Flyball, 89S, EV 88.1 MPH)
Batting: RHB Arturo Torres 0-0: Foul Ball, location: 5F
0-1: Ball
1-1: Swinging Strike
1-2: Ball
2-2: SINGLE (Line Drive, 9S, EV 108.1 MPH)
Batting: RHB Pedro Maldonado 0-0: DOUBLE (Flyball, 89XD, EV 95.0 MPH)
Arturo Torres to third
Runner from 3rd tries for Home, SAFE, no throw by CF
Batting: RHB Sancho Herrera 0-0: Fly out, F9 (Line Drive, 9, EV 86.9 MPH)
Top of the 2nd over - 2 runs, 3 hits, 0 errors, 1 left on base; Boston 2 - Atlanta 0
BOTTOM OF THE 2ND
Atlanta Braves batting - Pitching for Boston Red Sox : LHP Bill Bowen
Batting: LHB Eric Kilbridge 0-0: Ball
1-0: Foul Ball, location: 2F
1-1: SINGLE (Groundball, 34D, EV 96.3 MPH)
Batting: RHB Roberto Marín 0-0: DOUBLE (Flyball, 8RD, EV 83.1 MPH)
Eric Kilbridge to third
Batting: RHB Murai Kimura 0-0: Called Strike
0-1: Fly out, F8 (Flyball, 8RD, EV 99.4 MPH)
Runner from 3rd tags up, SCORES, throw by CF
Batting: RHB Tyrone Evans 0-0: Ball
1-0: Ball
2-0: Ball
3-0: Called Strike
3-1: Fly out, F3 (Popup, 3F, EV 66.3 MPH)
Batting: LHB Justin Murdock 0-0: Swinging Strike
0-1: Ball
1-1: Swinging Strike
1-2: Strikes out swinging
Bottom of the 2nd over - 1 run, 2 hits, 0 errors, 1 left on base; Boston 2 - Atlanta 1
TOP OF THE 3RD
Boston Red Sox batting - Pitching for Atlanta Braves : RHP Ramón Cantú
Batting: SHB Tracy Bryant 0-0: Ball
1-0: SINGLE (Groundball, 6MD, EV 96.9 MPH)
Batting: RHB Dwight Vogel 0-0: Called Strike
Tracy Bryant steals 2nd base
0-1: Ball
1-1: Foul Ball, location: 9LSF
1-2: Strikes out swinging
Batting: RHB José García 0-0: Ball
1-0: Called Strike
Tracy Bryant steals 3rd base (no throw)
1-1: Foul Ball, location: 9LSF
1-2: Ball
2-2: Ball
3-2: Foul Ball, location: 3DF
3-2: Fly out, F7 (Flyball, 7, EV 90.6 MPH)
Runner from 3rd tags up, SCORES, throw by LF
Batting: RHB Michael Barnes 0-0: Swinging Strike
0-1: Ball
1-1: Ball
2-1: Fly out, F8 (Flyball, 8RM, EV 90.6 MPH)
Top of the 3rd over - 1 run, 1 hit, 0 errors, 0 left on base; Boston 3 - Atlanta 1
BOTTOM OF THE 3RD
Atlanta Braves batting - Pitching for Boston Red Sox : LHP Bill Bowen
Batting: RHB José Ríos 0-0: Ball
1-0: Swinging Strike
1-1: Foul Ball, location: 2F
1-2: SOLO HOME RUN (Flyball, 7D, EV 93.1 MPH), Distance : 360 ft
Batting: RHB David Miller 0-0: Ball
1-0: Ball
2-0: Ball
3-0: Base on Balls
Batting: LHB Wayne Bennett Jr. 0-0: SINGLE (Line Drive, 78S, EV 96.9 MPH)
David Miller to second
Batting: LHB Paul Graham 0-0: Called Strike
David Miller steals 3rd base (no throw)
0-1: Ball
1-1: Swinging Strike
1-2: Ball
2-2: Foul Ball, location: 25F
2-2: Strikes out swinging
Batting: LHB Eric Kilbridge 0-0: Foul Ball, location: 2F
0-1: Foul Ball, location: 3FF
0-2: Ball
1-2: Foul Ball, location: 2F
1-2: Strikes out swinging
Batting: RHB Roberto Marín 0-0: Fly out, F3 (Popup, 3SF, EV 73.1 MPH)
Bottom of the 3rd over - 1 run, 2 hits, 0 errors, 2 left on base; Boston 3 - Atlanta 2
TOP OF THE 4TH
Boston Red Sox batting - Pitching for Atlanta Braves : RHP Ramón Cantú
Batting: SHB José Cruz 0-0: Fly out, F8 (Line Drive, 89M, EV 83.1 MPH)
Batting: RHB Juan Mendoza 0-0: Foul Ball, location: 9LSF
0-1: Called Strike
0-2: Ball
1-2: Ball
2-2: Fly out, F8 (Flyball, 8RM, EV 88.1 MPH)
Batting: RHB Arturo Torres 0-0: Foul Ball, location: 2F
0-1: Foul Ball, location: 2F
0-2: Ground out 5-3 (Groundball, 56, EV 89.4 MPH)
Top of the 4th over - 0 runs, 0 hits, 0 errors, 0 left on base; Boston 3 - Atlanta 2
BOTTOM OF THE 4TH
Atlanta Braves batting - Pitching for Boston Red Sox : LHP Bill Bowen
Batting: RHB Murai Kimura 0-0: DOUBLE (Line Drive, 8LXD, EV 98.8 MPH)
Batting: RHB Tyrone Evans 0-0: Foul Ball, location: 2F
0-1: Swinging Strike
0-2: Ball
1-2: Strikes out swinging
Batting: LHB Justin Murdock 0-0: Ball
1-0: Swinging Strike
1-1: Swinging Strike
1-2: Foul Ball, location: 5FF
1-2: Strikes out swinging
Batting: RHB José Ríos 0-0: Ball
1-0: Called Strike
1-1: Ball
2-1: Ground out 6-3 (Groundball, P, EV 85.6 MPH)
Bottom of the 4th over - 0 runs, 1 hit, 0 errors, 1 left on base; Boston 3 - Atlanta 2
TOP OF THE 5TH
Boston Red Sox batting - Pitching for Atlanta Braves : RHP Ramón Cantú
Batting: RHB Pedro Maldonado 0-0: Ball
1-0: SOLO HOME RUN (Flyball, 9LD, EV 95.6 MPH), Distance : 348 ft
Batting: RHB Sancho Herrera 0-0: Called Strike
0-1: Called Strike
0-2: Strikes out swinging
Batting: SHB Tracy Bryant 0-0: Ball
1-0: Ball
2-0: Foul Ball, location: 7LMF
2-1: Ground out 4-3 (Groundball, 4, EV 86.3 MPH)
Batting: RHB Dwight Vogel 0-0: Fly out, F3 (Popup, 34S, EV 72.5 MPH)
Top of the 5th over - 1 run, 1 hit, 0 errors, 0 left on base; Boston 4 - Atlanta 2
BOTTOM OF THE 5TH
Atlanta Braves batting - Pitching for Boston Red Sox : LHP Bill Bowen
Batting: RHB David Miller 0-0: Swinging Strike
0-1: Ball
1-1: Ball
2-1: Ball
3-1: Base on Balls
Batting: LHB Wayne Bennett Jr. 0-0: Reached on error, E4 (Groundball, 34, EV 87.5 MPH)
David Miller to second
Batting: LHB Paul Graham 0-0: Ball
1-0: Called Strike
1-1: Ball
2-1: Called Strike
2-2: Strikes out swinging
Batting: LHB Eric Kilbridge 0-0: Called Strike
0-1: 3-RUN HOME RUN (Flyball, 9D, EV 95.0 MPH), Distance : 367 ft
Pitching: RHP Robert Wilcox
Batting: RHB Roberto Marín 0-0: Called Strike
0-1: Ball
1-1: Ball
2-1: Ball
3-1: Fly out, F4 (Line Drive, 4, EV 66.9 MPH)
Batting: RHB Murai Kimura 0-0: DOUBLE (Flyball, 8LXD, EV 103.1 MPH)
Batting: RHB Tyrone Evans 0-0: Ball
1-0: Ball
2-0: SINGLE (Line Drive, 4D, EV 100.0 MPH)
Murai Kimura to third
Runner from 3rd tries for Home, SAFE, throw by RF to home
Batting: LHB Justin Murdock 0-0: Called Strike
0-1: Fielders Choice at 2nd, 6-4 (Groundball, 4M, EV 83.8 MPH)
Bottom of the 5th over - 4 runs, 3 hits, 1 error, 1 left on base; Boston 4 - Atlanta 6
TOP OF THE 6TH
Boston Red Sox batting - Pitching for Atlanta Braves : RHP Ramón Cantú
Batting: RHB José García 0-0: Ball
1-0: Called Strike
1-1: Foul Ball, location: 2F
1-2: Ball
2-2: Ground out 3-1 (Groundball, 13, EV 81.3 MPH)
Batting: RHB Michael Barnes 0-0: Called Strike
0-1: Ball
1-1: Fly out, F8 (Flyball, 8RM, EV 82.5 MPH)
Batting: SHB José Cruz 0-0: Fly out, F9 (Flyball, 89M, EV 96.3 MPH)
Top of the 6th over - 0 runs, 0 hits, 0 errors, 0 left on base; Boston 4 - Atlanta 6
BOTTOM OF THE 6TH
Atlanta Braves batting - Pitching for Boston Red Sox : RHP Robert Wilcox
Batting: RHB José Ríos 0-0: Ball
1-0: Ball
2-0: Foul Ball, location: 5DF
2-1: Foul Ball, location: 2F
2-2: Ball
3-2: Foul Ball, location: 5F
3-2: Base on Balls
Batting: RHB David Miller 0-0: Grounds out, U3 (Groundball, 3L, EV 103.8 MPH)
Batting: LHB Wayne Bennett Jr. 0-0: Called Strike
0-1: Called Strike
0-2: Ball
1-2: Ball
2-2: Ball
3-2: Base on Balls
Batting: LHB Paul Graham 0-0: Called Strike
0-1: Ball
1-1: Foul Ball, location: 2F
1-2: Foul Ball, location: 5F
1-2: Grounds into double play, 3-6-3 (Groundball, 3, EV 85.0 MPH)
Bottom of the 6th over - 0 runs, 0 hits, 0 errors, 1 left on base; Boston 4 - Atlanta 6
TOP OF THE 7TH
Boston Red Sox batting - Pitching for Atlanta Braves : RHP Ramón Cantú
Batting: RHB Juan Mendoza 0-0: Called Strike
0-1: Foul Ball, location: 9LDF
0-2: Ball
1-2: Foul Ball, location: 25F
1-2: Ball
2-2: SINGLE (Flyball, 3D, EV 93.1 MPH) - OUT at second base trying to stretch hit.
Batting: RHB Arturo Torres 0-0: Ball
1-0: Ball
2-0: Foul Ball, location: 9LMF
2-1: Ground out 4-3 (Groundball, 4D, EV 103.8 MPH)
Batting: RHB Pedro Maldonado 0-0: Called Strike
0-1: Swinging Strike
0-2: Strikes out looking
Top of the 7th over - 0 runs, 1 hit, 0 errors, 0 left on base; Boston 4 - Atlanta 6
BOTTOM OF THE 7TH
Atlanta Braves batting - Pitching for Boston Red Sox : RHP Robert Wilcox
Pitching: RHP Sung-yong Yi
Batting: LHB Eric Kilbridge 0-0: Ball
1-0: Swinging Strike
1-1: Ball
2-1: Swinging Strike
2-2: Foul Ball, location: 5DF
2-2: Foul Ball, location: 25FF
2-2: Foul Ball, location: 9LMF
2-2: Ball
3-2: Foul Ball, location: 2F
3-2: Foul Ball, location: 5SF
3-2: Foul Ball, location: 2F
3-2: SOLO HOME RUN (Flyball, 9D, EV 95.6 MPH), Distance : 368 ft
Batting: RHB Roberto Marín 0-0: Called Strike
0-1: SINGLE (Groundball, 6MD, EV 101.3 MPH)
Batting: RHB Murai Kimura 0-0: Ball
1-0: Called Strike
Pickoff Throw by Catcher to First - Out!
1-1: DOUBLE (Flyball, 8LD, EV 101.3 MPH)
Batting: RHB Tyrone Evans 0-0: Called Strike
0-1: Swinging Strike
0-2: Ball
1-2: Foul Ball, location: 3F
1-2: TRIPLE (Line Drive, 78XD, EV 103.1 MPH)
Murai Kimura scores
Batting: LHB Justin Murdock 0-0: Ball
1-0: Foul Ball, location: 2F
1-1: Called Strike
1-2: Strikes out swinging
Batting: RHB José Ríos 0-0: Swinging Strike
0-1: Foul Ball, location: 23F
0-2: Strikes out swinging
Bottom of the 7th over - 2 runs, 4 hits, 0 errors, 1 left on base; Boston 4 - Atlanta 8
TOP OF THE 8TH
Boston Red Sox batting - Pitching for Atlanta Braves : RHP Ramón Cantú
Batting: RHB Sancho Herrera 0-0: Ball
1-0: Ball
2-0: Ball
3-0: Called Strike
3-1: Ground out 4-3 (Groundball, 4MS, EV 82.5 MPH)
Pitching: RHP Ángel Chávez
Batting: SHB Tracy Bryant 0-0: Ball
1-0: Called Strike
1-1: Swinging Strike
1-2: Foul Ball, location: 2F
1-2: Ball
2-2: Strikes out swinging
Batting: RHB Dwight Vogel 0-0: Ground out 5-3 (Groundball, 5, EV 87.5 MPH)
Top of the 8th over - 0 runs, 0 hits, 0 errors, 0 left on base; Boston 4 - Atlanta 8
BOTTOM OF THE 8TH
Atlanta Braves batting - Pitching for Boston Red Sox : RHP Sung-yong Yi
Pitching: RHP Tony Pacheco
Batting: RHB David Miller 0-0: Called Strike
0-1: Ball
1-1: Ball
2-1: Foul Ball, location: 3F
2-2: Foul Ball, location: 25F
2-2: Ball
3-2: Base on Balls
Batting: LHB Wayne Bennett Jr. 0-0: Ball
David Miller steals 2nd base (no throw)
1-0: Foul Ball, location: 7LSF
1-1: Ball
2-1: Ground out U3 (Groundball, 3, EV 90.6 MPH)
David Miller to third
Batting: LHB Paul Graham 0-0: Called Strike
0-1: Foul Ball, location: 7LSF
0-2: Ball
1-2: Foul Ball, location: 2F
1-2: Ball
2-2: Foul Ball, location: 9LMF
2-2: Fly out, F4 (Popup, 4, EV 65.0 MPH)
Batting: LHB Eric Kilbridge 0-0: Ball
1-0: Swinging Strike
1-1: Foul Ball, location: 2F
1-2: Ball
2-2: Ball
3-2: Foul Ball, location: 3F
3-2: Base on Balls
Batting: RHB Roberto Marín 0-0: Fly out, F8 (Line Drive, 8LM, EV 90.6 MPH)
Bottom of the 8th over - 0 runs, 0 hits, 0 errors, 2 left on base; Boston 4 - Atlanta 8
TOP OF THE 9TH
Boston Red Sox batting - Pitching for Atlanta Braves : RHP Ángel Chávez
Pitching: LHP Juan Aguilar
Batting: RHB José García 0-0: Ball
1-0: Ball
2-0: Foul Ball, location: 3FF
2-1: Ball
3-1: Base on Balls
Batting: RHB Michael Barnes 0-0: Ball
1-0: DOUBLE (Flyball, 89XD, EV 100.6 MPH)
José García to third
Batting: SHB José Cruz 0-0: Called Strike
0-1: Foul Ball, location: 3DF
0-2: Strikes out swinging
Batting: RHB Juan Mendoza 0-0: Called Strike
0-1: Foul Ball, location: 5FF
0-2: Ball
1-2: Strikes out swinging
Batting: RHB Arturo Torres 0-0: Ball
1-0: Swinging Strike
1-1: Ball
2-1: Ball
3-1: Base on Balls
Batting: RHB Pedro Maldonado 0-0: Called Strike
0-1: Ball
1-1: Foul Ball, location: 9LSFF
1-2: Foul Ball, location: 9LSF
1-2: Foul Ball, location: 7LSF
1-2: Ground out 4-3 (Groundball, 34D, EV 105.0 MPH)
Top of the 9th over - 0 runs, 1 hit, 0 errors, 3 left on base; Boston 4 - Atlanta 8
Saturday, February 17th , 2024 - OOTP Baseball 24.10 Build 82